 Dungeon Crawl Stone Soup version 0.22-a0-392-g5dc3fd9 (webtiles) character file.

246 4thArraOfDagon the Skirmisher (level 5, -4/52 HPs)
             Began as a Deep Dwarf Wanderer on May 2, 2018.
             Killed by divine providence
             ... invoked by an orc priest
              (10 damage)
             ... on level 6 of the Dungeon.
             The game lasted 00:05:03 (973 turns).

4thArraOfDagon the Skirmisher (Deep Dwarf Wanderer)  Turns: 973, Time: 00:05:04

Health: -4/52      AC:  5    Str: 17    XL:     5   Next: 84%
Magic:  14/14      EV:  8    Int: 14    God:
Gold:   37         SH:  8    Dex: 10    Spells: 4/4 levels left

rFire    . . .     SeeInvis .   c - +1 mace
rCold    + . .     Gourm    .   a - +0 shield
rNeg     . . .     Faith    .   j - +0 ring mail {rC+}
rPois    +         Spirit   .   (no helmet)
rElec    .         Reflect  .   (no cloak)
rCorr    .         Harm     .   (no gloves)
MR       .....                  (no boots)
Stlth    +.........             (no amulet)
HPRegen  0.00/turn              m - ring of magical power
MPRegen  0.14/turn              n - ring of poison resistance

@: non-regenerating
A: damage resistance, heal wounds, sense surroundings 1, no regeneration
a: Heal Wounds


You were on level 6 of the Dungeon.
You were hungry.

You visited 1 branch of the dungeon, and saw 7 of its levels.

You collected 37 gold pieces.

Inventory:

Hand Weapons
 c - a +1 mace (weapon)
 d - a +0 dagger
Armour
 a - a +0 shield (worn)
 b - a +0 ring mail
 i - a +0 pair of gloves
 j - a +0 ring mail of cold resistance (worn)
Jewellery
 m - a ring of magical power (left hand)
 n - a ring of poison resistance (right hand)
Wands
 h - a wand of iceblast (10)
Scrolls
 e - 3 scrolls of identify
 g - a scroll of enchant weapon
 k - a scroll of torment {unknown}
 l - a scroll of random uselessness {unknown}
Potions
 o - a potion of berserk rage
Comestibles
 f - 2 rations


   Skills:
 + Level 5.4 Fighting
 - Level 3.0 Maces & Flails
 - Level 1.1 Armour
 - Level 1.1 Dodging
 - Level 2.4 Stealth
 - Level 2.1 Shields


You had 4 spell levels left.
You didn't know any spells.

Dungeon Overview and Level Annotations

Branches:
Dungeon (7/15)
 Temple: D:4-7

Altars:
Ashenzari
Elyvilon
Hepliaklqana
Vehumet
Xom

Shops:
D:6 %

Annotations:
D:3 Sigmund
D:4 4thArraOfDagon's ghost, amateur DsFE


Innate Abilities, Weirdness & Mutations

You are resistant to damage.
You can heal yourself by infusing magical energy.
You passively map a small area around you.
You do not regenerate.


Message History

h - a wand of iceblast (11)
You block something's attack. The adder barely misses you.
You block the orc's attack.
Unknown command.
Evoke which item? (* to show all) (? for menu, Esc to quit)
Aiming: Iceblast
Press: ? - help, Shift-Dir - straight line The mass of ice explodes!
The iceblast engulfs something.
Reactivating autopickup.
You feel a bit more experienced.
The iceblast engulfs the orc.
You kill the orc!
The iceblast engulfs the orc priest.
The orc priest is heavily wounded.
The iceblast engulfs you! You partially resist.
* * * LOW HITPOINT WARNING * * *
The iceblast engulfs the adder.
You kill the adder!
The orc priest calls down the wrath of Beogh upon you.
Beogh smites you!
You die...

,+,,,,,,,,,,,,,,#.,,#....Y.......
,*,,,,,,,,,,,,,,#,,,+.....<......
+**,,,***,**,,***,,*#.{..........
,**,,,***,**,,******#..##........
,,,,,,,,,,,,,,,* ##'###........
,,,,,,,,,,,,,,,* #.............
***********,,**######........(..,
***,**,**#######...##_.........,,
,,,,,,,,,#....o)@(.##..##....,,,,
,,,,,,,,,#...[)†...##..##....,,,,
,,,,,,,,,#....o....'.o..#,...,,,,
,,>,,,,,,#.........#o...#,,..,,,,
,,,,,,,,,#.#'#.....#....#,,,,,,,,
***,*****#*#∩##...###..##,,***,,,
*** ##*#####*#..#********+
*,....*,,,,,,,, *.....#,,,,,,,,


You could see an orc priest and 3 orcs.

Vanquished Creatures
  A centaur (D:5)
  A hound (D:6)
  An orc priest (D:3)
  2 orc wizards
  2 adders (D:6)
  A leopard gecko (D:5)
  8 orcs
  2 giant cockroaches
  2 goblins (D:2)
  2 hobgoblins
  2 jackals (D:3)
  3 kobolds
  2 quokkas
  2 ball pythons
  2 bats
  4 frilled lizards
  3 rats (D:1)
40 creatures vanquished.

Notes
Turn   | Place    | Note
-------+----------+-------------------------------------------
     0 | D:1      | 4thArraOfDagon the Deep Dwarf Wanderer began the quest for the Orb.
     0 | D:1      | 4thArraOfDagon set off with: a +0 shield, a +0 ring mail, a +0 mace, a +0 dagger, a ration
     0 | D:1      | Reached XP level 1. HP: 18/18 MP: 1/1
   215 | D:1      | Reached XP level 2. HP: 26/26 MP: 2/2
   254 | D:2      | Reached skill level 2 in Fighting
   271 | D:2      | Found a white marble altar of Elyvilon.
   432 | D:3      | Reached XP level 3. HP: 26/33 MP: 3/3
   474 | D:3      | Reached skill level 3 in Fighting
   475 | D:3      | Noticed Sigmund
   481 | D:3      | You fall through a shaft!
   481 | D:4      | Noticed a phantom
   492 | D:4      | Noticed an ogre
   570 | D:4      | Found a shimmering altar of Xom.
   571 | D:4      | Found a shattered altar of Ashenzari.
   571 | D:4      | Found a radiant altar of Vehumet.
   676 | D:4      | Noticed a scorpion
   695 | D:4      | Noticed 4thArraOfDagon's ghost (amateur DsFE)
   714 | D:5      | Entered Level 5 of the Dungeon
   728 | D:5      | Noticed a centaur
   747 | D:6      | Reached XP level 4. HP: 21/44 MP: 4/4
   754 | D:6      | Reached skill level 4 in Fighting
   777 | D:7      | Noticed an ice beast
   778 | D:7      | Noticed a hippogriff
   813 | D:6      | Noticed a sky beast
   916 | D:5      | Killed a centaur
   916 | D:5      | Reached skill level 5 in Fighting
   916 | D:5      | Reached XP level 5. HP: 36/52 MP: 5/5
   941 | D:6      | Found a hazy altar of Hepliaklqana.
   963 | D:6      | Found Rysoo's Food Boutique.
   973 | D:6      | Killed from afar by an orc priest

Vault maps used:
D:1:      minmay_arrival_semitransparent
D:2:      lemuel_doored_altar, minmay_misc_feat_encased, uniq_robin
D:3:      uniq_sigmund
D:4:      gammafunk_temple_overflow_forgotten, first_ration,
          portal_sewer_entry_a
D:6:      overflow_temple_1_default, serial_shops, kennysheep_mini
D:7:      okawaru_ov_weapons_minmay, temple_hall, grunt_ogre_cave, bloody_trog

Skill      XL: |  1  2  3  4 |
---------------+-------------+-----
Fighting       | 2 3 5 |  5.4
Maces & Flails | |  3.0
Armour         | |  1.1
Dodging        | |  1.1
Stealth        | |  2.4
Shields        | |  2.1

Action                   |  1- 3 |  4- 6 || total
-------------------------+-------+-------++-------
Melee: Mace              |   106 |    44 ||   150
 Abil: Heal Wounds       |     3 |     3 ||     6
Evoke: Wand              |       |     1 ||     1
  Use: Scroll            |     7 |     3 ||    10
       Potion            |     2 |     1 ||     3
 Stab: Sleeping          |     1 |       ||     1
Armor: Ring mail         |    51 |    34 ||    85
Dodge: Dodged            |    56 |    31 ||    87
Block: Shield            |    70 |    33 ||   103

Table legend:
 A = Spawn XP
 B = Non-spawn XP
 C = Spawn XP percentage of total XP
 D = Spawn monster count
 E = Non-spawn monster count
 F = Spawn count percentage of total count
 G = Total turns spent on level
                    A         B        C        D         E        F      G
               +---------+---------+-------+---------+---------+-------+---------
         Total |       0 |     352 |   0.0 |       0 |      40 |   0.0 |   973
               +---------+---------+-------+---------+---------+-------+---------
           D:1 |       0 |      12 |   0.0 |       0 |       9 |   0.0 |   242
           D:2 |       0 |      12 |   0.0 |       0 |       7 |   0.0 |   127
           D:3 |       0 |      65 |   0.0 |       0 |      12 |   0.0 |   112
           D:5 |       0 |     150 |   0.0 |       0 |       4 |   0.0 |   140
           D:6 |       0 |     113 |   0.0 |       0 |       8 |   0.0 |    99
               +---------+---------+-------+---------+---------+-------+---------
